Map: Frost LE

Players

Insomnium - Winner!

  • Race: Terran Terran

blackxored

  • Race: Zerg Zerg
  • League: Diamond

VOD

Have the link to the VOD?

Description

Time

  • Played on: July 1, 2016, 12:19 p.m.
  • Length: 17:27
Show
View Real Time Build Order
Export as new Build Order

Insomnium Terran - Winner!

Build Orders: Reaper Expand, Bio Mine 

Get SALT Encoding   

  12  0:00  SCV  
  13  0:13  SCV  
  14  0:19  Supply Depot  
  14  0:25  SCV  
  15  0:40  SCV  
  16  0:44  Barracks  
  16  0:48  Refinery  
  16  0:56  SCV  
  17  1:08  SCV  
  18  1:20  SCV  
  19  1:32  Reaper  
  20  1:33  Orbital Command  
  20  1:54  Command Center  
  20  1:56  Supply Depot  
  20  2:00  SCV  
  21  2:07  Marine  
  22  2:10  Factory  
  22  2:13  SCV  
  23  2:17  Refinery  
  23  2:25  Barracks Reactor, SCV  
  24  2:40  SCV  
  25  2:52  SCV  
  26  3:04  SCV  
  27  3:07  Orbital Command  
  27  3:08  Factory Tech Lab  
  27  3:09  Marine x2  
  27  3:12  Starport  
  29  3:16  SCV  
  30  3:28  SCV  
  30  3:32  Barracks  
  30  3:33  Siege Tank  
  34  3:36  Marine  
  34  3:40  SCV  
  34  3:41  Marine  
  35  3:47  Supply Depot  
  36  3:50  Bunker  
  36  3:52  SCV  
  36  3:53  Medivac  
  39  3:57  SCV  
  39  4:02  Marine x2  
  42  4:04  SCV  
  42  4:09  SCV  
  44  4:15  Barracks  
  44  4:17  SCV  
  45  4:20  Supply Depot  
  45  4:21  SCV  
  46  4:24  Engineering Bay  
  46  4:28  Engineering Bay  
  46  4:29  SCV  
  47  4:33  SCV  
  49  4:45  Starport Reactor  
  48  4:47  Factory Tech Lab  
  48  4:51  SCV x2  
  50  4:59  Terran Infantry Weapons Level 1, Terran Infantry Armor Level 1  
  50  5:03  Command Center, SCV  
  50  5:04  SCV  
  50  5:06  Supply Depot  
  52  5:08  Stimpack  
  52  5:09  Barracks Reactor  
  52  5:10  Marine  
  53  5:16  SCV x2  
  53  5:23  Refinery, Siege Tank  
  53  5:24  Marine  
  53  5:25  Marine, Refinery  
  53  5:28  SCV x2  
  60  5:38  Armory  
  59  5:43  SCV x2  
  59  5:44  Marine x2  
  63  5:56  Marine  
  63  5:57  Marine x2  
  63  6:01  Marine  
  63  6:02  Marine, SCV  
  63  6:03  SCV  
  68  6:14  Marine x2  
  68  6:15  Siege Tank  
  72  6:18  Marine  
  72  6:19  Marine x2  
  72  6:22  Orbital Command  
  72  6:23  Barracks  
  72  6:25  Barracks, SCV x2  
  77  6:32  Marine x2  
  78  6:36  Marine  
  78  6:37  Marine x2  
  78  6:38  SCV x2  
  84  6:42  Orbital Command  
  84  6:58  SCV  
  85  7:07  Supply Depot  
  85  7:09  Combat Shields  
  85  7:10  Supply Depot  
  85  7:11  Supply Depot x2  
  85  7:13  Supply Depot  
  85  7:18  Barracks Reactor  
  85  7:19  Barracks Reactor, Medivac x2, Siege Tank, SCV  
  93  7:29  Marine x2  
  95  7:31  SCV  
  96  7:43  SCV  
  87  7:49  Marine x5, Medivac x2  
  79  7:58  SCV  
  75  8:02  SCV x2  
  77  8:07  Bunker, Marine x5  
  77  8:09  Supply Depot, Marine x2  
  77  8:10  Supply Depot, Marine, Siege Tank  
  77  8:11  Terran Infantry Armor Level 2  
  77  8:12  Terran Infantry Weapons Level 2  
  88  8:16  Marine  
  88  8:17  Refinery  
  88  8:18  Refinery  
  89  8:20  Viking x2  
  89  8:22  SCV  
  89  8:25  Marine x5  
  99  8:27  Marine  
  99  8:28  Concussive Shells  
  100  8:35  Missile Turret  
  100  8:37  Supply Depot  
  100  8:38  Missile Turret  
  100  8:41  SCV x2, Missile Turret  
  101  8:42  Siege Tank, Missile Turret  
  101  8:46  SCV  
  106  8:49  Marine x2  
  106  8:50  Marine  
  106  8:52  Command Center  
  106  8:53  SCV  
  110  8:56  SCV  
  110  8:58  SCV, Terran Vehicle Weapons Level 1  
  112  9:07  Factory  
  112  9:08  Factory  
  112  9:09  Starport  
  112  9:12  Drilling Claws  
  112  9:13  SCV x3  
  112  9:14  Marine x2  
  112  9:15  Marine, Marauder  
  120  9:26  SCV x2  
  122  9:37  Supply Depot, Medivac x2  
  126  9:41  Marine  
  126  9:42  Marine x5, Marauder  
  126  9:45  Widow Mine  
  134  9:52  Marine x2  
  138  9:53  Factory Reactor  
  138  9:54  Starport Reactor  
  138  9:55  Factory Reactor  
  138  9:59  Supply Depot  
  138  10:04  Marauder  
  138  10:07  Medivac  
  139  10:11  Marine  
  139  10:12  Marine x2  
  139  10:14  Widow Mine  
  142  10:20  SCV x2  
  146  10:25  Marauder  
  148  10:31  Widow Mine x4  
  148  10:32  Medivac x2  
  160  10:42  Widow Mine  
  160  10:46  Marauder  
  164  10:53  Marine x2  
  164  10:54  Terran Infantry Weapons Level 3, Terran Infantry Armor Level 3  
  166  10:59  Widow Mine x3  
  172  11:05  Marine  
  172  11:06  Marine x2  
  172  11:08  Marauder  
  177  11:11  Siege Tank  
  180  11:28  Marine x5  
  180  11:29  Marine, Marauder  
  188  11:35  Planetary Fortress  
  188  11:44  Medivac  
  188  11:46  Refinery  
  188  11:48  Refinery  
  188  11:51  Siege Tank, Marauder  
  163  12:09  Marine  
  163  12:10  Marine  
  163  12:12  Marauder  
  163  12:14  Marine x6  
  171  12:23  Siege Tank, Widow Mine  
  171  12:24  Widow Mine x2  
  171  12:27  Marine x2  
  182  12:32  Marine x6  
  182  12:33  Marauder  
  180  12:45  Marine x2  
  180  12:49  Marine  
  180  12:50  Marine x5  
  177  12:55  Siege Tank, Marauder  
  177  12:56  Terran Ship Weapons Level 1  
  177  12:57  Starport  
  182  13:03  Marine x2  
  182  13:05  SCV x2  
  186  13:07  Marine x2  
  188  13:36  Marine  
  188  13:38  Refinery, Marine  
  188  13:39  Marine x5  
  188  13:40  Command Center, Refinery, Marauder  
  169  13:45  Command Center  
  169  13:47  Marine  
  160  13:54  Marine  
  161  13:56  Marine  
  161  13:57  Marine x5  
  161  14:02  Marauder  
  169  14:04  Marine  
  170  14:12  Marine  
  170  14:14  Marine  
  170  14:15  Marine x3  
  175  14:23  Marine x3, Marauder  
  180  14:27  Medivac x3  
  180  14:28  Medivac  
  188  14:39  Marine x3  
  188  14:44  Marauder  
  147  14:51  Marine x5  
  140  14:54  Planetary Fortress  
  140  14:57  Marine x3, Medivac  
  140  14:58  Medivac x3  
  140  14:59  Widow Mine x5  
  160  15:06  Marauder  
  162  15:08  Marine  
  163  15:27  Medivac, Marauder, Widow Mine  
  163  15:28  Medivac  
  157  15:49  Marauder  
  153  15:55  Marine x2  
  153  15:56  Marine x6  
  159  15:57  Liberator x2  
  159  15:58  Liberator x2  
  159  16:10  Marauder  
  154  16:13  Marine x3  
  154  16:14  Marine x5  
  173  16:31  Marine x4, Marauder  
  173  16:32  Marine x4  
  177  16:33  SCV x2  
  178  16:40  Planetary Fortress  
  178  16:42  Command Center  
  178  16:44  SCV  
  179  16:49  Marine x4  
  179  16:51  Marine x3  
  179  16:53  Marauder  
Show
View Real Time Build Order
Export as new Build Order

blackxored Zerg 

Build Orders: Hatch First 

Get SALT Encoding   

  12  0:01  Drone  
  13  0:08  Drone  
  14  0:16  Overlord  
  14  0:22  Extractor  
  14  0:24  Drone  
  15  0:36  Drone x2  
  17  0:53  Hatchery  
  17  0:56  Drone  
  17  0:59  Drone  
  18  1:07  Drone  
  19  1:12  Extractor  
  18  1:18  Spawning Pool  
  18  1:21  Drone  
  18  1:27  Drone  
  19  1:40  Overlord  
  19  1:49  Drone  
  20  2:04  Queen  
  22  2:08  Zergling x2  
  22  2:09  Queen  
  22  2:10  Zergling x2  
  22  2:11  Zergling x2  
  22  2:14  Metabolic Boost  
  27  2:27  Drone x2  
  27  3:00  Drone x2  
  27  3:01  Drone x4  
  27  3:05  Pneumatized Carapace  
  32  3:14  Hatchery  
  32  3:16  Overlord  
  32  3:19  Zergling x10  
  36  3:30  Overlord  
  36  3:34  Queen  
  38  3:43  Drone x2  
  38  3:44  Drone x3  
  43  3:57  Drone x3  
  43  3:59  Queen  
  48  4:10  Queen  
  50  4:26  Zergling x16  
  50  4:27  Overlord x2  
  58  4:45  Queen x3  
  62  4:51  Overlord x2  
  64  4:58  Zergling x12  
  69  5:26  Drone x12  
  81  5:31  Zergling x2  
  80  5:53  Drone x6  
  80  5:56  Extractor x2  
  84  6:03  Hatchery  
  83  6:10  Extractor x2  
  81  6:11  Drone  
  81  6:12  Extractor, Drone x3  
  81  6:14  Drone  
  81  6:15  Overlord x4  
  81  6:17  Lair, Hatchery  
  83  6:26  Evolution Chamber  
  83  6:27  Drone x3, Evolution Chamber  
  83  6:28  Baneling Nest  
  83  6:29  Drone  
  83  6:30  Drone x2  
  86  6:40  Drone x4  
  86  6:41  Drone x3  
  86  6:45  Drone x2  
  86  6:46  Drone x2  
  86  6:47  Drone  
  98  6:51  Overlord  
  98  6:54  Zerg Melee Weapons Level 1, Zerg Ground Armor Level 1  
  98  7:06  Zergling x2  
  98  7:07  Zergling x8  
  103  7:18  Baneling x13  
  103  7:19  Baneling x8  
  103  7:21  Overseer  
  103  7:32  Zergling x2  
  103  7:33  Zergling x28  
  103  7:35  Queen  
  106  7:47  Zergling x12  
  104  7:56  Zergling x20  
  104  7:57  Zergling x4  
  113  8:06  Drone x5  
  113  8:11  Queen  
  120  8:18  Overseer  
  120  8:22  Drone x3  
  120  8:23  Spire, Drone x10  
  120  8:26  Zergling x6  
  135  8:30  Baneling x3  
  135  8:31  Baneling x5  
  135  8:32  Baneling x2  
  135  8:34  Hatchery  
  134  8:52  Extractor x2  
  134  8:53  Drone  
  134  8:54  Drone x2  
  134  8:55  Drone x3  
  138  8:56  Drone  
  138  8:59  Zergling x2  
  138  9:00  Zergling x2  
  138  9:01  Overlord x4  
  141  9:12  Baneling x6  
  141  9:13  Baneling  
  141  9:19  Overlord x4  
  141  9:24  Drone  
  141  9:25  Drone  
  141  9:26  Zerg Ground Armor Level 2, Zerg Melee Weapons Level 2  
  141  9:29  Infestation Pit, Zergling x26  
  141  9:30  Zergling x2  
  156  9:31  Baneling  
  156  9:32  Baneling x4  
  156  9:33  Baneling x2  
  156  9:34  Baneling  
  156  9:35  Overlord  
  156  9:37  Overlord  
  156  9:44  Zerg Flyer Armor Level 1  
  156  9:51  Corruptor  
  156  9:52  Corruptor x3  
  160  10:12  Centrifical Hooks  
  160  10:16  Drone x11  
  160  10:17  Drone x2  
  171  11:01  Hive  
  171  11:04  Hatchery  
  170  11:08  Extractor x2  
  168  11:17  Spore Crawler  
  139  12:03  Evolution Chamber x2  
  135  12:13  Evolution Chamber  
  136  12:19  Zergling x2  
  136  12:20  Zergling x50  
  162  12:24  Overseer  
  156  12:36  Queen  
  134  12:50  Zergling x2  
  134  12:51  Zergling x40  
  141  12:52  Zergling x6  
  157  13:16  Zerg Melee Weapons Level 3  
  157  13:17  Zerg Ground Armor Level 3  
  157  13:24  Ultralisk Cavern  
  156  13:29  Baneling x2  
  156  13:30  Baneling x4  
  156  13:31  Baneling  
  156  13:33  Hatchery  
  106  13:46  Zergling x12  
  106  13:47  Zergling x42  
  121  13:56  Zergling x24, Ultralisk Cavern  
  110  14:06  Overseer  
  89  14:20  Zergling x22  
  89  14:21  Baneling  
  89  14:22  Baneling x22  
  99  14:30  Zergling x2  
  99  14:31  Zergling x12  
  77  14:52  Zergling x20  
  69  14:54  Overseer  
  69  14:59  Zergling x24  
  60  15:24  Zergling x16  
  61  15:31  Zergling x2  
  61  15:32  Zergling x10  
  66  15:39  Zergling x2  
  66  15:40  Zergling x8  
  66  15:42  Ultralisk  
  66  15:52  Ultralisk  
  67  16:06  Ultralisk x5  
  67  16:08  Baneling x2  
  67  16:09  Baneling x6  
  96  16:12  Hatchery  
  96  16:15  Hatchery  
  89  16:50  Corruptor x3  
Tags
 
Add a new tag
Caveats
  • Supply blocks, unpowered buildings, or Contaminate may cause inaccurate times.
  • Supply counts are checked every 10 seconds.